 Dungeon Crawl Stone Soup version 0.20.2-3-g29329e0561 (webtiles) character file.

447 Alfie the Cutter (level 7, -2/60 HPs)
             Began as a Hill Orc Fighter on Jan 25, 2023.
             Killed from afar by an orc wizard (4 damage)
             ... with a magic dart
             ... on level 4 of the Dungeon.
             The game lasted 00:06:39 (2685 turns).

Alfie the Cutter (Hill Orc Fighter)                 Turns: 2685, Time: 00:06:39

Health: -2/60      AC:  7    Str: 21    XL:     7   Next: 3%
Magic:  7/7        EV:  8    Int:  8    God:
Gold:   229        SH:  9    Dex: 10    Spells: 6/6 levels left

rFire    . . .     SeeInvis .   a - +0 rapier
rCold    . . .     Gourm    .   c - +0 shield
rNeg     . . .     Faith    .   b - +0 scale mail
rPois    .         Spirit   .   (no helmet)
rElec    .         Reflect  .   (no cloak)
rCorr    .         Harm     .   (no gloves)
MR       .....                  (no boots)
Stlth    ..........             t - amulet of magic regeneration
Regen    0.2/turn               (no ring)
MPRegen  0.2/turn               (no ring)

@: slowed, very slow
A: no striking features
a: no special abilities


You were on level 4 of the Dungeon.
You were not hungry.

You visited 1 branch of the dungeon, and saw 4 of its levels.

You collected 229 gold pieces.

Inventory:

Hand Weapons
 a - a +0 rapier (weapon)
Missiles
 e - 4 tomahawks (quivered)
Armour
 b - a +0 scale mail (worn)
 c - a +0 shield (worn)
Jewellery
 t - an amulet of magic regeneration (around neck)
 u - a +4 ring of intelligence
 v - an uncursed ring of positive energy {unknown}
Scrolls
 j - a scroll of amnesia {unknown}
 k - a scroll of enchant weapon {unknown}
 m - a scroll of immolation {unknown}
 n - 2 scrolls of fog {unknown}
 p - 3 scrolls of teleportation {unknown}
Potions
 d - 2 potions of might
 f - a potion of brilliance {unknown}
 g - a potion of cancellation {unknown}
 i - a potion of magic {unknown}
 l - 2 potions of curing {unknown}
 q - 2 potions of heal wounds
 r - a potion of ambrosia {unknown}
Comestibles
 o - 3 bread rations


   Skills:
 + Level 4.8 Fighting
 + Level 5.0 Short Blades
 + Level 4.6 Armour
 + Level 1.1 Dodging
 + Level 0.3 Stealth
 + Level 4.4 Shields


You had 6 spell levels left.
You didn't know any spells.

Dungeon Overview and Level Annotations

Branches:
Dungeon (4/15)
 Temple: D:4-7

Altars:
Jiyva

Portals:
Ossuary: D:4


Message History

The orc wizard hits you but does no damage.
Your shield and scale mail prevent you from hitting the orc wizard.
The orc wizard is severely wounded.
You block the orc wizard's attack. x2
The orc wizard gestures wildly while chanting.
The orc wizard blinks!
Unknown command.
The orc wizard casts a spell at you.
You feel as though you will be slow longer.
The orc wizard casts a spell at you. The magic dart hits you!
* * * LOW HITPOINT WARNING * * *
The orc wizard gestures at you while chanting.
The magic dart hits you!
* * * LOW HITPOINT WARNING * * *
Found an escape hatch in the floor.
Found 14 gold pieces.
The orc wizard points at you and mumbles some strange words.
The magic dart hits you!
You die...

##............###
+...............
#.....!.........
#...............
#..##.##........
#..#...#.....###
#....∩..o.......
#..#...#........
##.....#@##.....
#.......# .....
##.#....# .....
#......# ....
###..>.# ...
#...$. ...###
##..


You could see an orc wizard.

Vanquished Creatures
  A phantom (D:4)
  A howler monkey (D:4)
  A hound (D:4)
  3 orc wizards (D:4)
  An orc priest (D:4)
  A worker ant (D:4)
  7 adders
  A howler monkey skeleton (D:4)
  2 dart slugs
  A worm (D:3)
  5 leopard geckos
  3 orcs (D:4)
  3 bats
  3 giant cockroaches
  2 goblins (D:2)
  7 hobgoblins
  12 jackals
  8 kobolds
  A quokka (D:3)
  3 ball pythons
  4 frilled lizards
  7 rats
77 creatures vanquished.

Notes
Turn   | Place    | Note
-------+----------+-------------------------------------------
     0 | D:1      | Alfie the Hill Orc Fighter began the quest for the Orb.
     0 | D:1      | Reached XP level 1. HP: 19/19 MP: 1/1
    53 | D:1      | Found a viscous altar of Jiyva.
    53 | D:1      | Noticed a jelly
    53 | D:1      | Noticed a jelly
    53 | D:1      | Noticed a jelly
    55 | D:1      | Noticed a jelly
    57 | D:1      | Noticed a jelly
    60 | D:1      | Noticed a jelly
    60 | D:1      | Noticed a jelly
    94 | D:1      | Reached XP level 2. HP: 26/27 MP: 2/2
   721 | D:2      | Reached XP level 3. HP: 26/33 MP: 3/3
   838 | D:2      | Reached XP level 4. HP: 26/40 MP: 4/4
   900 | D:2      | Reached skill level 3 in Short Blades
  1834 | D:3      | Reached XP level 5. HP: 37/46 MP: 5/5
  2059 | D:4      | Noticed a phantom
  2161 | D:4      | Killed a phantom
  2161 | D:4      | Reached skill level 4 in Short Blades
  2241 | D:4      | Reached XP level 6. HP: 32/53 MP: 6/6
  2480 | D:4      | Reached skill level 1 in Dodging
  2634 | D:4      | Found a sand-covered staircase.
  2646 | D:4      | Reached skill level 5 in Short Blades
  2655 | D:4      | Reached XP level 7. HP: 12/60 MP: 7/7
  2682 | D:4      | HP: 1/60 [orc wizard/magic dart (5)]
  2685 | D:4      | Killed from afar by an orc wizard

Skill      XL: |  1  2  3  4  5  6 |
---------------+-------------------+-----
Fighting       | 4 |  4.8
Short Blades   | 3 4 5 |  5.0
Armour         | 4 |  4.6
Shields        | 4 |  4.4
Dodging        | 1 |  1.1
Stealth        | |  0.3

Action                   |  1- 3 |  4- 6 |  7- 9 || total
-------------------------+-------+-------+-------++-------
Melee: Rapier            |    89 |   263 |    15 ||   367
  Use: Scroll            |       |     3 |       ||     3
       Potion            |       |       |     1 ||     1
  Eat: Bread ration      |       |     1 |       ||     1
       Meat ration       |       |     1 |       ||     1
Armor: Scale mail        |    36 |    86 |     5 ||   127
Dodge: Dodged            |    23 |    67 |     2 ||    92
Block: Shield            |    34 |   132 |     9 ||   175
